 Dungeon Crawl Stone Soup version 0.32-a0-814-g0968bab981 (webtiles) character file.

Game seed: 10303986511440769313

69 Ijustatesigmund the Conjurer (level 4, -9/29 HPs)
             Began as an Octopode Conjurer on Mar 22, 2024.
             Killed from afar by a steam dragon (17 damage)
             ... with a ball of steam
             ... on level 3 of the Dungeon.
             The game lasted 00:04:22 (2036 turns).

Ijustatesigmund the Conjurer (Octopode Conjurer)    Turns: 2036, Time: 00:04:24

Health: -9/29      AC:  1    Str:  6    XL:     4   Next: 20%
Magic:  7/7        EV: 12    Int: 22    God:
Gold:   144        SH:  0    Dex: 16    Spells: 5/8 levels left

rFire   . . .        d - +1 demon whip (freeze)
rCold   . . .        (no shield)
rNeg    . . .        (helmet restricted)
rPois   .            (no amulet)
rElec   .            f - +6 ring of dexterity
rCorr   .            (no ring)
SInv    .            (no ring)
Will    .....        (no ring)
Stlth   +++          (no ring)
HPRegen 0.24/turn    (no ring)
MPRegen 0.10/turn    (no ring)
                     (no ring)

%: no passive effects
@: no status effects
A: almost no armour, amphibious, 8 rings, camouflage 1, gelatinous body 1,
(nimble swimmer 1), tentacles
a: no special abilities


You were on level 3 of the Dungeon.
You visited 1 branch of the dungeon, and saw 3 of its levels.

You collected 144 gold pieces.

Inventory:

Hand Weapons
 d - a +1 demon whip of freezing (weapon)
Armour
 i - a +0 kite shield
Jewellery
 e - a ring of fire
 f - a +6 ring of dexterity (left tentacle)
Scrolls
 c - 3 scrolls of teleportation
 g - 3 scrolls of identify
 h - 2 scrolls of immolation {unknown}
 j - a scroll of noise {unknown}
 k - a scroll of brand weapon {unknown}
 l - 2 scrolls of amnesia {unknown}
 m - a scroll of revelation {unknown}
 n - a scroll of fear {unknown}
Potions
 a - a potion of magic
 b - a potion of resistance


   Skills:
 + Level 1.8 Fighting
 + Level 1.2 Maces & Flails
 - Level 2.0 Dodging
 - Level 2.6 Stealth
 + Level 2.6 Spellcasting
 + Level 4.4 Conjurations


You had 5 spell levels left.
You knew the following spells:

 Your Spells              Type           Power      Damage    Failure   Level
a - Magic Dart            Conj           88%        1d7       1%          1
b - Searing Ray           Conj           44%        2d6       3%          2

Your spell library contained the following spells:

 Spells                   Type           Power      Damage    Failure   Level
 Freeze                   Ice            8%         1d3       13%         1
 Hailstorm                Conj/Ice       12%        3d6       16%         3
 Frozen Ramparts          Ice            4%         1d1       36%         3
 Tukima's Dance           Hex            2%         N/A       36%         3
 Fulminant Prism          Conj/Alch      6%         3d7       45%         4
 Iskenderun's Mystic Bla  Conj/Tloc      12%        2d5       45%         4
 Dimensional Bullseye     Hex/Tloc       1%         N/A       78%         4


Dungeon Overview and Level Annotations

Branches:
Dungeon (3/15)

Altars:
Ashenzari
Vehumet

Shops:
D:1 [


Innate Abilities, Weirdness & Mutations

You cannot wear most types of armour.
You are amphibious.
You can wear up to eight rings at the same time.
Your skin changes colour to match your surroundings (Stealth+).
Your rubbery body absorbs attacks. (AC +1, EV +1)
((You are camouflaged when in or above water. (Stealth+)))
You have tentacles for arms and can constrict up to eight enemies at once.


Message History

You hit the steam dragon. You freeze the steam dragon.
You squeeze the steam dragon.
The steam dragon is heavily wounded.
The steam dragon closely misses you. The steam dragon claws you.
You barely miss the steam dragon.
The steam dragon is heavily wounded.
The steam dragon breathes steam at you. The ball of steam hits you!
You are too injured to fight recklessly!
The steam dragon misses you. The steam dragon claws you.
* * * LOW HITPOINT WARNING * * *
Unknown command.
Okay, then.
It was a potion of heal wounds.
You feel much better. The steam dragon barely misses you.
The steam dragon claws you.
You barely miss the steam dragon.
The steam dragon is heavily wounded.
The steam dragon bites you! The steam dragon claws you.
You hit the steam dragon. You freeze the steam dragon.
You squeeze the steam dragon, but do no damage.
The steam dragon is severely wounded.
The steam dragon bites you.
* * * LOW HITPOINT WARNING * * *
The steam dragon claws you.
* * * LOW HITPOINT WARNING * * *
You feel much better. The steam dragon bites you!
The steam dragon closely misses you.
You hit the steam dragon but do no damage.
Your squeeze misses the steam dragon.
The steam dragon is severely wounded.
The steam dragon bites you.
* * * LOW HITPOINT WARNING * * *
The steam dragon barely misses you.
You hit the steam dragon but do no damage.
You squeeze the steam dragon.
The steam dragon is severely wounded.
The steam dragon breathes steam at you. The ball of steam hits you!
Ouch! That really hurt!
You die...

....# .#### .#
.#################+###
...........†..##.....##
.###########.##.......#
## #.##.......# #
#..'..._...+ #
####.@.....# #
#D......# # ##?....## #
###+### #######
......#### ##.......#
.........# #.....)..#


You could see a steam dragon (catching breath).

Vanquished Creatures
  A dart slug (D:1)
  2 ribbon worms (D:2)
  3 orcs (D:3)
  6 ball pythons
  3 endoplasms
  6 giant cockroaches
  6 goblins
  4 hobgoblins
  10 kobolds
  A quokka (D:1)
  4 bats
  3 frilled lizards
  4 rats
53 creatures vanquished.

Notes
Turn   | Place    | Note
-------+----------+-------------------------------------------
     0 | D:1      | Ijustatesigmund the Octopode Conjurer began the quest for
                  | the Orb.
     0 | D:1      | Reached XP level 1. HP: 11/11 MP: 3/3
    53 | D:1      | Found a faded altar of an unknown god.
   286 | D:1      | Reached XP level 2. HP: 18/18 MP: 3/5
   401 | D:1      | Reached skill level 1 in Fighting
   852 | D:1      | Reached XP level 3. HP: 23/23 MP: 3/6
  1082 | D:1      | Found Imosan's Antique Armour Shop.
  1252 | D:2      | Learned a level 2 spell: Searing Ray
  1407 | D:2      | Reached skill level 1 in Maces & Flails
  1658 | D:2      | Found a broken altar of Ashenzari.
  1769 | D:3      | Reached XP level 4. HP: 28/29 MP: 7/7
  2024 | D:3      | Found a radiant altar of Vehumet.
  2025 | D:3      | Noticed a steam dragon
  2036 | D:3      | Killed from afar by a steam dragon

Illustrated notes

Levels and vault maps discovered:
D:1:      lightli_arrival_isolated_outpost, layout_loops_ring, serial_shops,
          nicolae_shop_trees, shapermc_ecumenical_altar_notcrosses,
          minmay_3d_cube
D:2:      layout_basic, basic_altar
D:3:      layout_basic, nicolae_vehumet_altar_sigil,
          grunt_temple_overflow_cloverleaf, grunt_ministairs_8

Skill      XL: |  1  2  3 |
---------------+----------+-----
Fighting       | 1 |  1.8
Maces & Flails | 1 |  1.2
Dodging        | |  2.0
Stealth        | |  2.6
Spellcasting   | |  2.6
Conjurations   | |  4.4

Action                     |  1- 3 |  4- 6 || total
---------------------------+-------+-------++-------
  Melee: Constrict         |    11 |     6 ||    17
         Unarmed           |     2 |       ||     2
         Demon whip        |    31 |    25 ||    56
         Tentacles         |     5 |     6 ||    11
   Cast: Magic Dart        |    49 |     4 ||    53
    Use: Scroll            |     2 |       ||     2
         Potion            |       |     2 ||     2
   Stab: Sleeping          |     7 |     2 ||     9
 Armour: Skin              |    12 |    22 ||    34
  Dodge: Dodged            |    19 |    13 ||    32

Table legend: (Time is in decaauts)
 A = Elapsed time spent in this place.
 B = Non-inter-level travel time spent in this place.
 C = Inter-level travel time spent in this place.
 D = Time resting spent in this place.
 E = Time spent auto-exploring this place.
 F = Levels seen in this place.
 G = Mean time per level.
                   A        B        C        D        E       F      G
               +--------+--------+--------+--------+--------+-----+--------+
         Total |   2036 |   1993 |     43 |    165 |   1488 |   3 |  678.7 |
       Dungeon |   2036 |   1993 |     43 |    165 |   1488 |   3 |  678.7 |
               +--------+--------+--------+--------+--------+-----+--------+

Top non-repeatable levels by time:
     D:1: 1219 daAuts
     D:2: 544 daAuts
     D:3: 272 daAuts
